Map: Ruins of Seras

Players

coolhand

  • Race: Terran Terran
  • League: Bronze

Julles - Winner!

  • Race: Terran Terran
  • League: Diamond

VOD

Have the link to the VOD?

Description

Time

  • Played on: March 22, 2016, 4:42 p.m.
  • Length: 11:03
Show
View Real Time Build Order
Export as new Build Order

coolhand Terran 

Build Orders:  

Get SALT Encoding   

  12  0:02  SCV  
  13  0:15  SCV  
  14  0:22  Supply Depot  
  14  0:29  SCV  
  15  0:44  SCV  
  15  0:47  Barracks  
  16  0:57  Refinery  
  16  0:59  SCV  
  17  1:09  Supply Depot  
  18  1:11  SCV  
  18  1:23  SCV  
  19  1:28  Refinery  
  19  1:43  SCV  
  20  1:54  Marine  
  20  1:57  SCV  
  22  2:05  Factory  
  22  2:12  Orbital Command  
  22  2:45  Marine  
  22  2:49  Command Center  
  22  3:03  SCV  
  23  3:06  Factory Tech Lab  
  23  3:10  Factory  
  23  3:18  SCV  
  24  3:38  SCV  
  24  3:40  Widow Mine  
  27  3:50  SCV  
  27  3:55  Widow Mine  
  30  4:04  Refinery  
  30  4:06  SCV x2  
  32  4:18  SCV  
  32  4:20  SCV  
  34  4:26  Siege Tank  
  37  4:48  SCV x2  
  39  4:58  Widow Mine  
  39  4:59  Widow Mine  
  35  5:27  SCV  
  26  5:43  Siege Tank  
  24  6:23  Supply Depot  
  24  6:26  Supply Depot  
  24  6:59  Supply Depot  
  24  7:00  Supply Depot  
  24  7:01  Supply Depot  
  24  7:05  SCV, Siege Tank  
  28  7:14  Factory Tech Lab  
  28  7:17  SCV  
  25  7:25  Supply Depot  
  25  7:31  Armory  
Show
View Real Time Build Order
Export as new Build Order

Julles Terran - Winner!

Build Orders: Command Center First (CC), MMM Bio 

Get SALT Encoding   

  12  0:01  SCV  
  13  0:13  SCV  
  14  0:18  Supply Depot  
  14  0:25  SCV  
  15  0:40  SCV  
  16  0:52  SCV  
  17  1:04  SCV  
  17  1:08  Command Center  
  18  1:16  SCV  
  19  1:21  Barracks  
  19  1:28  SCV  
  19  1:29  Refinery  
  20  1:40  SCV  
  21  1:48  Barracks  
  21  1:54  SCV  
  22  2:05  Supply Depot  
  22  2:07  Marine  
  23  2:09  Orbital Command  
  23  2:22  Orbital Command  
  23  2:32  Barracks  
  23  2:35  Barracks Reactor  
  23  2:36  SCV  
  24  2:41  Barracks Tech Lab  
  24  2:48  SCV  
  24  2:51  SCV  
  26  3:00  SCV  
  26  3:02  Combat Shields  
  26  3:03  Marine  
  29  3:05  SCV  
  29  3:11  Marine x2  
  29  3:12  SCV  
  32  3:17  SCV, Supply Depot  
  32  3:19  Barracks Reactor  
  33  3:21  Marine  
  33  3:24  SCV  
  35  3:29  SCV, Marine x2  
  35  3:30  Engineering Bay  
  38  3:36  SCV  
  38  3:39  Marine, Supply Depot  
  40  3:42  SCV  
  40  3:46  Marine  
  40  3:47  Marine  
  43  3:48  SCV  
  43  3:54  SCV  
  45  3:56  Marine x2  
  45  3:57  Marine  
  45  4:00  Terran Infantry Weapons Level 1, SCV  
  49  4:04  Marine  
  49  4:05  Missile Turret  
  49  4:06  SCV  
  49  4:07  Missile Turret  
  49  4:08  Marine, Supply Depot  
  52  4:13  SCV  
  52  4:14  Marine x3  
  56  4:18  Supply Depot  
  56  4:22  Marine  
  57  4:26  SCV x2, Marine  
  60  4:31  Stimpack  
  60  4:32  Marine  
  60  4:38  SCV x2  
  62  4:48  Marine x4  
  62  4:49  Marine  
  62  4:52  Command Center  
  67  4:58  SCV  
  68  5:00  Barracks  
  68  5:01  Barracks, SCV  
  68  5:06  Marine x2, Supply Depot  
  71  5:10  Marine x2  
  71  5:12  SCV  
  74  5:23  SCV  
  74  5:24  SCV, Marine  
  77  5:28  Marine x2  
  79  5:37  SCV x2  
  79  5:40  Barracks x2  
  79  5:42  Marine, Supply Depot  
  82  5:44  Supply Depot  
  82  5:46  Marine  
  82  5:49  SCV  
  80  5:50  Barracks Reactor x2  
  80  5:54  Terran Infantry Armor Level 1  
  80  5:55  SCV  
  78  6:01  SCV  
  78  6:02  Missile Turret  
  78  6:04  Orbital Command  
  79  6:07  SCV, Marine  
  79  6:08  Marine x2  
  83  6:14  SCV, Supply Depot  
  78  6:19  SCV  
  79  6:25  Marine x2  
  79  6:26  SCV, Marine  
  79  6:30  Marine x2, Supply Depot  
  79  6:31  Marine x2  
  88  6:36  Barracks Reactor x2  
  88  6:38  SCV x3  
  90  6:40  Command Center  
  90  6:43  Marine x2  
  92  6:49  Marine  
  92  6:50  SCV x2, Marine x4  
  92  6:51  SCV  
  100  6:56  Supply Depot  
  100  6:57  Supply Depot  
  100  7:01  Marine x2, Factory  
  100  7:02  SCV x2  
  100  7:03  SCV  
  100  7:07  Marine  
  106  7:15  Marine x3  
  106  7:16  Marine x5  
  106  7:18  SCV x3  
  106  7:19  Marine x2  
  119  7:25  Marine  
  120  7:32  Barracks x2  
  120  7:33  Barracks, Marine x2  
  120  7:36  SCV x2, Marine x6  
  130  7:42  Marine x2  
  130  7:43  Marine  
  130  7:44  SCV  
  132  7:48  SCV  
  133  7:51  Marine x2  
  133  7:52  Supply Depot x2  
  133  7:53  Command Center  
  133  7:54  Marine  
  133  7:55  Marine x5  
  133  7:56  Supply Depot  
  133  7:59  Marine  
  133  8:01  Barracks, Factory Reactor  
  133  8:03  SCV x3  
  133  8:11  Planetary Fortress  
  133  8:12  Missile Turret  
  133  8:17  Marine  
  133  8:19  Marine  
  133  8:22  Marine x6  
  133  8:23  Marine x4  
  133  8:27  Refinery, Command Center  
  133  8:31  Engineering Bay  
  133  8:32  SCV  
  133  8:33  SCV x2, Marine x2  
  133  8:35  Marine  
  133  8:37  Marine  
  133  8:40  Marine  
  133  8:41  Marine x5  
  133  8:42  Marine x4  
  133  8:44  SCV  
  133  8:46  SCV  
  133  8:51  Marine x2  
  133  8:59  Marine x10  
  133  9:04  Marine x3  
  133  9:06  Orbital Command, Supply Depot  
  133  9:08  Marine  
  133  9:09  Marine  
  133  9:15  Armory  
  133  9:16  Marine  
  133  9:17  SCV x3, Marine x3  
  133  9:23  Missile Turret  
  133  9:27  Barracks Reactor  
  133  9:54  Command Center  
  133  10:08  Command Center  
  133  10:13  Command Center  
  133  10:18  Command Center  
  133  10:19  Orbital Command  
  133  10:20  Command Center x2  
  133  10:21  Command Center  
  133  10:26  Command Center  
  133  10:42  Barracks Reactor x2  
  133  10:43  Barracks Reactor  
  133  11:01  Barracks  
  133  11:02  Barracks x2  
  133  11:03  Barracks  
Tags
 
Add a new tag
Caveats
  • Supply blocks, unpowered buildings, or Contaminate may cause inaccurate times.
  • Supply counts are checked every 10 seconds.